 Dungeon Crawl Stone Soup version 0.18-a0-965-g9200175 (webtiles) character file.

108 root the Chopper (level 4, 0/41 HPs)
             Began as a Hill Orc Berserker on Jan 1, 2016.
             Was a Believer of Trog.
             Slain by an iguana (2 damage)
             ... on level 4 of the Dungeon.
             The game lasted 00:07:45 (3713 turns).

root the Chopper (Hill Orc Berserker)               Turns: 3713, Time: 00:07:45

Health: 0/41       AC:  3    Str: 20    XL:     4   Next: 87%
Magic:  4/4        EV: 12    Int:  7    God:    Trog [**....]
Gold:   168        SH:  0    Dex: 10    Spells: 0 memorised, 3 levels left

rFire  . . .     SeeInvis .     a - +0 hand axe
rCold  . . .     Gourm    .     b - +0 animal skin
rNeg   . . .     Faith    .     (no shield)
rPois  .         Spirit   .     (no helmet)
rElec  .         Dismiss  .     l - +0 cloak
rCorr  .         Reflect  .     (no gloves)
SustAt .         Harm     .     (no boots)
MR     .....                    (no amulet)
Stlth  +.........               (no ring)
                                (no ring)

@: not resistant to hostile enchantments, very unstealthy
A: no striking features
a: Berserk, Trog's Hand, Burn Spellbooks, Renounce Religion


You were on level 4 of the Dungeon.
You worshipped Trog.
Trog was pleased with you.
You were not hungry.

You visited 1 branch of the dungeon, and saw 4 of its levels.

You collected 168 gold pieces.

Inventory:

Hand Weapons
 a - a +0 hand axe (weapon)
Armour
 b - a +0 animal skin (worn)
 l - a +0 cloak (worn)
Jewellery
 u - an uncursed ring of protection from fire {unknown}
Scrolls
 e - a scroll of enchant weapon {unknown}
 g - a scroll of teleportation {unknown}
 h - a scroll of amnesia {unknown}
 i - 4 scrolls of identify {unknown}
 m - a scroll of enchant armour {unknown}
Potions
 f - a potion of flight {unknown}
 j - a potion of degeneration {unknown}
 k - a potion of curing {unknown}
 o - a potion of heal wounds {unknown}
 p - a potion of cure mutation {unknown}
 q - a potion of ambrosia {unknown}
 t - a potion of brilliance {unknown}
Books
 r - a book of Ice

   Spells                             Type                      Level
   a - Ice Form                       Ice/Transmutation            4
   b - Metabolic Englaciation         Hexes/Ice                    5
   c - Ozocubu's Refrigeration        Ice                          6
   d - Bolt of Cold                   Conjuration/Ice              6
   e - Freezing Cloud                 Conjuration/Ice/Air          6
   f - Simulacrum                     Ice/Necromancy               6
   Trog disapproves of the use of such an item.
Comestibles
 c - 3 bread rations
 d - a beef jerky
 n - 2 meat rations
 s - 3 chunks of flesh
 v - a slice of pizza


   Skills:
 + Level 4.8 Fighting
 + Level 4.9 Axes
 + Level 2.3 Armour
 + Level 2.7 Dodging


You had 3 spell levels left.
You didn't know any spells.

Dungeon Overview and Level Annotations

Branches:
Dungeon (4/15)
 Temple: D:4-7

Altars:


Message History

Found 4 gold pieces.
You see here 2 white potions.
You hit the iguana but do no damage. The iguana closely misses you.
You hit the iguana but do no damage. The iguana bites you.
The iguana bites you!
You barely miss the iguana. The iguana bites you!
You hit the iguana.
The iguana is lightly wounded.
The iguana bites you!
* * * LOW HITPOINT WARNING * * *
You hit the iguana but do no damage.
The iguana is lightly wounded.
The iguana misses you.
You hit the iguana but do no damage.
The iguana is lightly wounded.
The iguana barely misses you.
You slash the iguana!
The iguana is heavily wounded.
The iguana bites you.
You die...

... $.# .... #.#
... #.# ..> ...
#.##.# ...=###
###### #.. #l...#
.....# #... #.@..#
.....#
#....#....##.....##
#................
##....[..........
.................#
......##.#....###
....[? #.#....#
####.. #.##'#.# ###
#.##.#.#


You could see an iguana.

Vanquished Creatures
  A worker ant (D:4)
  2 adders
  A worm (D:1)
  5 orcs (D:3)
  4 bats
  3 giant cockroaches
  6 goblins
  4 hobgoblins
  6 jackals (D:1)
  12 kobolds
  A quokka (D:3)
  2 giant newts
  9 rats
56 creatures vanquished.

Notes
Turn   | Place    | Note
--------------------------------------------------------------
     0 | D:1      | root the Hill Orc Berserker began the quest for the Orb.
     0 | D:1      | Reached XP level 1. HP: 19/19 MP: 1/1
   184 | D:1      | Reached XP level 2. HP: 20/27 MP: 2/2
  1221 | D:1      | Reached XP level 3. HP: 28/33 MP: 3/3
  1375 | D:2      | Reached ** piety under Trog
  2490 | D:3      | Reached XP level 4. HP: 27/41 MP: 4/4
  3710 | D:4      | HP: 2/41 [iguana (15)]
  3713 | D:4      | Slain by an iguana

Vault maps used:
D:1:      lemuel_arrival_muddy
D:2:      kennysheep_big_flooded_room, minmay_item_behind_shaft
D:3:      first_bread
D:4:      uniq_grinder

Action                   |  1- 3 |  4- 6 || total
-------------------------+-------+-------++-------
Melee: Hand axe          |   159 |    65 ||   224
  Eat: Chunk             |     4 |     5 ||     9
